 Dungeon Crawl Stone Soup version 0.29-a0-297-g7659ce593d (webtiles) character file.

Game seed: 14837426583306944081

11539 Lapaje the Thaumaturge (level 11, -2/54 HPs)
             Began as a Gargoyle Earth Elementalist on Mar 19, 2022.
             Was a High Priest of Vehumet.
             Slain by a komodo dragon (21 damage)
             ... on level 10 of the Dungeon on Mar 21, 2022.
             The game lasted 01:32:54 (14999 turns).

Lapaje the Thaumaturge (GrEE)                      Turns: 14999, Time: 01:32:56

Health: -2/54      AC: 21    Str: 13    XL:     11   Next: 79%
Magic:  7/24       EV: 17    Int: 19    God:    Vehumet [*****.]
Gold:   1773       SH:  5    Dex: 10    Spells: 11/29 levels left

rFire   . . .      SeeInvis .   g - +3 quarterstaff (chaos)
rCold   . . .      Faith    .   (shield currently unavailable)
rNeg    + + .      Spirit   .   p - +2 robe {Will+}
rPois   ∞          Reflect  +   x - +2 helmet
rElec   +          Harm     .   d - +1 cloak
rCorr   .          Rampage  .   o - +2 pair of gloves
Will    ++...                   (no boots)
Stlth   ++++......              i - amulet of reflection
HPRegen 0.18/turn               a - +4 ring of evasion
MPRegen 0.19/turn               t - ring "Jashofoa" {+Blink rN+ Will+ Stlth+}

@: freezing walls
A: sickness immunity, AC +8, negative energy resistance 1, electricity
resistance, torment resistance 1, petrification resistance
a: Renounce Religion, Evoke Blink


You were on level 10 of the Dungeon.
You worshipped Vehumet.
Vehumet was extremely pleased with you.
You visited 2 branches of the dungeon, and saw 12 of its levels.

You collected 2357 gold pieces.
You spent 584 gold pieces at shops.

Inventory:

Hand Weapons
 g - a +3 quarterstaff of chaos (weapon)
 s - the +11 long sword of Rotation {antimagic, Str+3 Int-4 Dex+2}
   (You took it off a kobold on level 7 of the Dungeon)

   It reduces the magical energy of the wielder, and disrupts the spells and
   magical abilities of those it strikes.
   Natural abilities and divine invocations are not affected.
   Str:       It affects your strength (+3).
   Int:       It affects your intelligence (-4).
   Dex:       It affects your dexterity (+2).
Missiles
 l - 77 stones
Armour
 d - a +1 cloak (worn)
 o - a +2 pair of gloves (worn)
 p - a +2 robe of willpower (worn)
 q - the +8 chain mail "Haihus" {+Blink}
   (You bought it in a shop on level 5 of the Dungeon)

   +Blink:    It lets you blink.
 w - a +0 kite shield
 x - a +2 helmet (worn)
Jewellery
 a - a +4 ring of evasion (left hand)
 i - an amulet of reflection (around neck)
 t - the ring "Jashofoa" (right hand) {+Blink rN+ Will+ Stlth+}
   (You found it on level 10 of the Dungeon)

   [ring of positive energy]

   rN:        It protects you from negative energy.
   +Blink:    It lets you blink.
   Will:      It increases your willpower.
   Stlth:     It makes you more stealthy.
Wands
 b - a wand of digging (3)
 h - a wand of polymorph (4)
 r - a wand of acid (6)
 v - a wand of paralysis (8)
 y - a wand of iceblast (21)
Scrolls
 j - 2 scrolls of identify
 k - a scroll of amnesia
 n - 2 scrolls of fog
 B - 2 scrolls of magic mapping
Potions
 c - a potion of magic
 e - a potion of curing
 f - 2 potions of flight
 m - a potion of berserk rage
 u - a potion of brilliance
 z - a potion of ambrosia
 A - a potion of invisibility {unknown}
 C - a potion of degeneration {unknown}


   Skills:
 + Level 5.5 Armour
 + Level 4.9 Dodging
 + Level 7.5 Stealth
 + Level 9.8 Spellcasting
 + Level 6.7 Conjurations
 + Level 4.5 Transmutations
 + Level 2.5 Ice Magic
 - Level 1.1 Air Magic
 + Level 9.7 Earth Magic


You had 11 spell levels left.
You knew the following spells:

 Your Spells              Type           Power      Damage    Failure   Level
a - Sandblast             Erth           92%        2d19      1%          1
b - Stone Arrow           Conj/Erth      80%        3d12      1%          3
c - Static Discharge      Conj/Air       24%        N/A       1%          2
d - Lee's Rapid Deconstr  Erth           23%        3d14*     1%          5
e - Frozen Ramparts       Ice            38%        1d5       2%          3
f - Hailstorm             Conj/Ice       27%        3d7       3%          4

Your spell library contained the following spells:

 Spells                   Type           Power      Damage    Failure   Level
 Fireball                 Conj/Fire      11%        3d7       13%         5
 Freeze                   Ice            76%        1d9       1%          1
 Magic Dart               Conj           100%       1d8       1%          1
 Passwall                 Tmut/Erth      30%        N/A       1%          2
 Searing Ray              Conj           70%        2d7       1%          2
 Poisonous Vapours        Pois/Air       22%        N/A       2%          2
 Petrify                  Tmut/Erth      36%        N/A       4%          4
 Fulminant Prism          Conj/Hex       11%        3d9       5%          4
 Slow                     Hex            36%        N/A       8%          1
 Corpse Rot               Necr/Air       22%        N/A       9%          2
 Blink                    Tloc           18%        N/A       12%         2
 Confusing Touch          Hex            9%         N/A       22%         3
 Lesser Beckoning         Tloc           9%         N/A       22%         3
 Tukima's Dance           Hex            9%         N/A       22%         3
 Vampiric Draining        Necr           9%         2d6       22%         3
 Anguish                  Hex/Necr       4%         N/A       58%         4
 Manifold Assault         Tloc           9%         N/A       91%         5
 Enfeeble                 Hex            4%         N/A       100%        7


Dungeon Overview and Level Annotations

Branches:
Dungeon (10/15)            Temple (0/1) D:6             Orc (2/2) D:9
    Elf (0/3) Orc:2
   Lair: D:8-11

Altars:
Gozag
Vehumet
Wu Jian
The Shining One
Beogh

Shops:
D:2 (   D:5 [   Orc:1 (

Annotations:
D:8 2 transporters, exclusion: oklob plant, MrShunz's ghost, novice DECj


Innate Abilities, Weirdness & Mutations

You are immune to sickness and miasma.
Your stone body is resilient. (AC +8)
You are immune to poison.
You resist negative energy. (rN+)
You are resistant to electric shocks. (rElec)
You are resistant to unholy torment.
You are immune to petrification.


Message History

You resist with almost no effort.
Casting: Static Discharge (safe; 1% risk of failure)
Confirm with . or Enter, or press ? or * to list all spells.
The komodo dragon is struck by an arc of lightning.
The komodo dragon is lightly wounded.
You resist.
You are struck by an arc of lightning.
The komodo dragon bites you!
Unknown command.
Casting: Static Discharge (safe; 1% risk of failure)
Confirm with . or Enter, or press ? or * to list all spells.
The komodo dragon is struck by an arc of lightning.
The komodo dragon is moderately wounded.
You resist.
You are struck by an arc of lightning.
The komodo dragon is struck by an arc of lightning.
The komodo dragon is heavily wounded.
The lightning grounds out.
The komodo dragon bites you.
* * * LOW HITPOINT WARNING * * *
You feel better.
You hear the faint creaking of a distant portcullis.
The komodo dragon misses you.
The basilisk hisses menacingly.
The komodo dragon attacks as you move away!
The komodo dragon closely misses you.
The komodo dragon attacks as you move away!
The komodo dragon bites you!
The komodo dragon attacks as you move away!
The komodo dragon closely misses you.
Casting: Static Discharge (safe; 1% risk of failure)
Confirm with . or Enter, or press ? or * to list all spells.
Casting: Frozen Ramparts (dangerous; 2% risk of failure)
Press: ? - help, Dir - look around, f - activate The walls around you are covered in ice.
The wall freezes the komodo dragon.
The komodo dragon seems to slow down.
The komodo dragon misses you.
Casting: Frozen Ramparts (dangerous; 2% risk of failure)
Confirm with . or Enter, or press ? or * to list all spells.
The komodo dragon is struck by an arc of lightning.
The komodo dragon is heavily wounded.
The lightning grounds out.
The wall freezes the komodo dragon!
The komodo dragon seems to slow down.
The komodo dragon bites you!!
You die...

### # ##.## ### .# ###
#.#.#### ##.##.. ####.#
###....###....#.
####...####
#####.##.....#
....###...###
####.#.......[.. #####
####..####
#............... #
##....###..†.....####...
##....@ll..###.#..# #..
#######.##.#..#### ##
#########


You could see a komodo dragon (slow) and a basilisk.

Vanquished Creatures
  Josephine (Orc:1)
  A two-headed ogre (D:9)
  Pikel (D:6)
  An orc sorcerer (Orc:1)
  Prince Ribbit (D:5)
  2 trolls
  3 wraiths
  10 yaks
  A wyvern (D:10)
  A steam dragon (D:7)
  Menkaure (D:7)
  Edmund (D:5)
  2 wargs
  An acid dragon (D:10)
  4 black bears
  A sky beast (D:6)
  Duvessa (D:7)
  17 orc warriors
  An ice beast (D:7)
  5 ogres
  A lemure (D:6)
  4 phantoms
  3 kobold brigands
  A bullfrog (D:6)
  3 scorpions
  4 necrophages
  4 gnoll sergeants
  Dowan (D:7)
  4 killer bees (D:9)
  5 hounds
  A gnoll shaman (D:9)
  4 jellies
  Crazy Yiuf (D:2)
  17 orc priests
  3 iguanas
  24 orc wizards
  16 gnolls
  12 adders
  A shadow imp (D:7)
  2 white imps
  2 ufetubi
  2 worms
  5 dart slugs
  101 orcs
  8 endoplasms
  4 giant cockroaches
  7 goblins
  8 hobgoblins
  9 jackals
  3 quokkas (D:4)
  2 ball pythons
  5 bats
  10 frilled lizards (D:1)
  20 kobolds
  5 rats
358 creatures vanquished.

Vanquished Creatures (others)
  4 plants (D:1)
4 creatures vanquished.

Grand Total: 362 creatures vanquished

Notes
Turn   | Place    | Note
-------+----------+-------------------------------------------
     0 | D:1      | Lapaje the Gargoyle Earth Elementalist began the quest for
                  | the Orb.
     0 | D:1      | Reached XP level 1. HP: 10/10 MP: 3/3
    97 | D:1      | Reached skill level 1 in Transmutations
    97 | D:1      | Reached XP level 2. HP: 14/15 MP: 1/5
   347 | D:1      | Found a faded altar of an unknown god.
   860 | D:1      | Reached XP level 3. HP: 19/19 MP: 4/6
  1135 | D:1      | Identified a scroll of acquirement
  1135 | D:1      | Acquired 1044 gold pieces
  1417 | D:2      | Found a runed translucent door.
  1418 | D:2      | Noticed Crazy Yiuf
  1428 | D:2      | Killed Crazy Yiuf
  1429 | D:2      | Reached XP level 4. HP: 17/24 MP: 0/8
  1660 | D:2      | Found Nanydon's Antique Weapon Emporium.
  2004 | D:2      | Reached XP level 5. HP: 28/28 MP: 7/10
  2234 | D:3      | Learned a level 3 spell: Stone Arrow
  2265 | D:3      | Found a radiant altar of Vehumet.
  2275 | D:3      | Became a worshipper of Vehumet
  3108 | D:4      | Upgraded the game from 0.29-a0-296-gda187f2e07 to
                  | 0.29-a0-297-g7659ce593d
  3260 | D:4      | Reached * piety under Vehumet
  3260 | D:4      | Offered knowledge of Foxfire by Vehumet.
  3467 | D:4      | Noticed a black bear
  3472 | D:4      | Killed a black bear
  3473 | D:4      | Reached skill level 5 in Earth Magic
  3473 | D:4      | Reached XP level 6. HP: 32/32 MP: 2/12
  3903 | D:4      | Reached skill level 5 in Spellcasting
  3903 | D:4      | Reached skill level 1 in Conjurations
  4403 | D:5      | Entered Level 5 of the Dungeon
  4412 | D:5      | Reached XP level 7. HP: 36/36 MP: 4/14
  4766 | D:5      | Found Qadeh's Antique Armour Boutique.
  4789 | D:5      | Bought a pair of glowing gloves for 202 gold pieces
  4789 | D:5      | Bought a glowing robe for 99 gold pieces
  4789 | D:5      | Bought a jewelled chain mail for 256 gold pieces
  4789 | D:5      | Identified the +8 chain mail "Haihus" {+Blink} (You bought
                  | it in a shop on level 5 of the Dungeon)
  4836 | D:5      | Noticed Prince Ribbit
  5380 | D:5      | Noticed Edmund
  5386 | D:5      | Killed Edmund
  5387 | D:5      | Reached XP level 8. HP: 41/41 MP: 9/17
  5984 | D:5      | Reached ** piety under Vehumet
  5984 | D:5      | Offered knowledge of Scorch by Vehumet.
  6050 | D:5      | Killed Prince Ribbit
  6561 | D:6      | Reached skill level 1 in Armour
  6561 | D:6      | Reached XP level 9. HP: 45/45 MP: 7/20
  6807 | D:6      | Found a staircase to the Ecumenical Temple.
  7177 | D:6      | Noticed Pikel
  7185 | D:6      | Killed Pikel
  7893 | D:7      | Reached skill level 5 in Stealth
  7959 | D:7      | Identified the +11 long sword of Rotation {antimagic, Str+3
                  | Int-4 Dex+2}
  8323 | D:7      | Offered knowledge of Static Discharge by Vehumet.
  8327 | D:7      | Learned a level 2 spell: Static Discharge
  8562 | D:7      | Reached XP level 10. HP: 50/50 MP: 13/22
  8610 | D:7      | Noticed Dowan
  8613 | D:7      | Noticed Duvessa
  8616 | D:7      | Noticed Menkaure
  8617 | D:7      | Killed Dowan
  8617 | D:7      | Reached *** piety under Vehumet
  8619 | D:7      | Killed Duvessa
  8631 | D:7      | Killed Menkaure
  8834 | D:7      | Found an ornate altar of the Wu Jian Council.
  8934 | D:7      | Reached skill level 5 in Conjurations
  9365 | D:8      | Found a transporter.
  9365 | D:8      | Found a transporter.
  9662 | D:8      | Noticed an oklob plant
  9831 | D:8      | Noticed MrShunz's ghost (novice DECj)
  9873 | D:8      | Offered knowledge of Sticky Flame by Vehumet.
 10257 | D:8      | Found an opulent altar of Gozag.
 10570 | D:9      | Noticed a two-headed ogre
 10578 | D:9      | Killed a two-headed ogre
 10688 | D:9      | Found a glowing golden altar of the Shining One.
 11080 | D:9      | Reached **** piety under Vehumet
 11338 | D:9      | Found a staircase to the Orcish Mines.
 11363 | D:9      | Offered knowledge of Dazzling Flash by Vehumet.
 11906 | Orc:1    | Entered Level 1 of the Orcish Mines
 12142 | Orc:1    | Reached XP level 11. HP: 38/54 MP: 10/24
 12275 | Orc:1    | Reached skill level 1 in Air Magic
 12334 | Orc:1    | Found Fuav's Weapon Shop.
 12343 | Orc:1    | Bought 18 stones for 27 gold pieces
 12352 | Orc:1    | Reached ***** piety under Vehumet
 12353 | Orc:1    | Offered knowledge of Lee's Rapid Deconstruction by Vehumet.
 12370 | Orc:1    | Learned a level 5 spell: Lee's Rapid Deconstruction
 12435 | Orc:1    | Learned a level 3 spell: Frozen Ramparts
 12555 | Orc:1    | Learned a level 4 spell: Hailstorm
 12562 | Orc:1    | Noticed an orc sorcerer
 12564 | Orc:1    | Paralysed by an orc sorcerer for 7 turns
 12567 | Orc:1    | Noticed a soul eater
 12574 | Orc:1    | Killed an orc sorcerer
 12967 | Orc:2    | Entered Level 2 of the Orcish Mines
 12967 | Orc:2    | Noticed an orc warlord
 13013 | Orc:2    | Noticed Josephine
 13023 | Orc:1    | Reached skill level 1 in Ice Magic
 13094 | Orc:1    | Killed Josephine
 13095 | Orc:1    | Reached skill level 5 in Armour
 13337 | Orc:2    | Found a staircase to the Elven Halls.
 14464 | Orc:2    | Noticed an orc knight
 14731 | D:10     | Entered Level 10 of the Dungeon
 14825 | D:10     | Identified the ring "Jashofoa" {+Blink rN+ Will+ Stlth+}
 14861 | D:10     | Offered knowledge of Fireball by Vehumet.
 14999 | D:10     | Slain by a komodo dragon

Illustrated notes

Levels and vault maps discovered:
D:1:      scummos_arrival_simple_fountains, layout_loops_ring,
          ebering_ecumenical_altar_ruins, minmay_lizard_king
D:2:      layout_basic, serial_shops, nicolae_square_shop,
          minmay_misc_feat_tower, hex_intersection, uniq_crazy_yiuf_cottage
D:3:      layout_loops_corners, vehumet_crystals
D:4:      layout_loops_corners
D:5:      layout_basic, serial_shops, nicolae_shop_trees, supply_closet_lemuel,
          uniq_edmund, uniq_prince_ribbit1
D:6:      minmay_razor_zed, layout_basic, temple_green, minivault_23, uniq_pikel
D:7:      layout_loops_ring, nzn_wu_jian_council_hall, uniq_duvessa,
          uniq_menkaure
D:8:      layout_loops_cross, lemuel_coloured_pillars_altar, nzn_ghost_randoct
D:9:      layout_basic, mainiacjoe_overflow_catwalk, hiddenorc2_lemuel
D:10:     layout_roguey, zin_angel, kennysheep_mini_moat, erik_lair_dragon,
          enter_bailey_3, minmay_puff
Orc:1:    layout_caves, serial_shops, nicolae_shop_bloodbath_and_beyond
Orc:2:    grunt_orc_tribal_feast, layout_diamond_mine,
          portal_ice_cave_entry_pillars_2, minmay_orc_temple_a, uniq_josephine

Skill      XL: |  1  2  3  4  5  6  7  8  9 10 11 |
---------------+----------------------------------+-----
Transmutations | 1 2 3 4 |  4.5
Earth Magic    | 4 5 6 7 8 9 |  9.7
Spellcasting   | 3 4 5 6 7 8 9 |  9.8
Dodging        | 2 3 4 |  4.9
Stealth        | 3 4 5 6 7 |  7.5
Conjurations   | 1 2 3 4 5 6 |  6.7
Armour         | 1 3 4 5 |  5.5
Air Magic      | 1 |  1.1
Ice Magic      | 2 |  2.5

Action                   |  1- 3 |  4- 6 |  7- 9 | 10-12 || total
-------------------------+-------+-------+-------+-------++-------
Melee: Unarmed           |    14 |       |       |       ||    14
       Short sword       |    13 |       |       |       ||    13
       Quarterstaff      |       |    14 |    32 |    23 ||    69
 Cast: Sandblast         |    58 |    65 |    24 |    54 ||   201
       Stone Arrow       |       |    13 |   112 |   132 ||   257
       Static Discharge  |       |       |     1 |   153 ||   154
       Frozen Ramparts   |       |       |       |     9 ||     9
       Hailstorm         |       |       |       |     6 ||     6
       Lee's Rapid Decon |       |       |       |     1 ||     1
Evoke: Wand              |       |       |       |     3 ||     3
  Use: Scroll            |     4 |     3 |     2 |     9 ||    18
       Potion            |     1 |     2 |     2 |     4 ||     9
Armor: Robe              |    27 |     7 |    35 |    68 ||   137
       Skin              |       |       |     2 |       ||     2
Dodge: Dodged            |    44 |    15 |    33 |   121 ||   213
Block: Other             |       |     2 |     8 |    37 ||    47
       Reflection        |       |       |       |     4 ||     4

Table legend: (Time is in decaauts)
 A = Elapsed time spent in this place.
 B = Non-inter-level travel time spent in this place.
 C = Inter-level travel time spent in this place.
 D = Time resting spent in this place.
 E = Time spent auto-exploring this place.
 F = Levels seen in this place.
 G = Mean time per level.
                   A        B        C        D        E       F      G
               +--------+--------+--------+--------+--------+-----+--------+
         Total |  15035 |  14615 |    420 |   2802 |   8656 |  12 | 1252.9 |
       Dungeon |  12429 |  12057 |    372 |   1881 |   7994 |  10 | 1242.9 |
  Orcish Mines |   2605 |   2557 |     48 |    921 |    662 |   2 | 1302.5 |
               +--------+--------+--------+--------+--------+-----+--------+

Top non-repeatable levels by time:
   Orc:1: 1869 daAuts
     D:5: 1815 daAuts
     D:9: 1758 daAuts
     D:6: 1629 daAuts
     D:7: 1523 daAuts
     D:4: 1310 daAuts
     D:2: 1148 daAuts
     D:8: 1028 daAuts
     D:1: 1008 daAuts
     D:3: 940 daAuts
   Orc:2: 736 daAuts
    D:10: 267 daAuts
